 Dungeon Crawl Stone Soup version 0.27.0-1-g7a089689b8 (webtiles) character file.

Game seed: 5931040253624497272

725 Cruella the Skirmisher (level 7, 0/90 HPs)
             Began as a Barachi Hunter on Aug 11, 2021.
             Was an Initiate of Nemelex Xobeh.
             Succumbed to a kobold's poison
             ... on level 4 of the Dungeon.
             The game lasted 00:23:56 (2430 turns).

Cruella the Skirmisher (Barachi Hunter)             Turns: 2430, Time: 00:23:56

Health: 0/90       AC: 23    Str: 13 (15) XL:     7   Next: 71%
Magic:  7/7        EV:  2    Int: 11 (12) God:    Nemelex Xobeh [......]
Gold:   182        SH:  6    Dex:  9 (12) Spells: 5/6 levels left

rFire    . . .     SeeInvis .   b - +1 whip (freeze)
rCold    . . .     Faith    .   u - +0 kite shield
rNeg     + + +     Spirit   .   (armour currently unavailable)
rPois    +         Reflect  .   (helmet currently unavailable)
rElec    .         Harm     .   (cloak currently unavailable)
rCorr    +         Rampage  .   (gloves currently unavailable)
Will     .....     NoTele   +   (boots currently unavailable)
Stlth    +.........             (no amulet)
HPRegen  0.25/turn              j - ring of positive energy
MPRegen  0.10/turn              r - ring of resist corrosion

@: lethally poisoned (0 -> -1), tree-form, attractive
A: stationary, stasis, torment immunity, boosted hp, (amphibious), (slowness 1),
(strong legs 1), +LOS
a: Renounce Religion, Draw Escape, Draw Destruction, Draw Summoning


You were on level 4 of the Dungeon.
You worshipped Nemelex Xobeh.
Nemelex Xobeh was noncommittal.
You were a tree.
You visited 2 branches of the dungeon, and saw 5 of its levels.

You collected 182 gold pieces.

Inventory:

Hand Weapons
 a - a +1 hand crossbow
 b - a +1 whip of freezing (weapon)
 g - a +0 club
 n - a +0 hunting sling
 t - a +0 war axe
 x - a +2 vorpal mace
 y - a +0 short sword
Missiles
 d - 21 bolts
 f - 129 stones (quivered)
 i - 2 curare-tipped darts
Armour
 c - a +0 leather armour
 q - a +0 ring mail (melded)
 u - a +0 kite shield (worn)
Jewellery
 j - a ring of positive energy (left branch)
 l - a ring of wizardry
 r - a ring of resist corrosion (right branch)
Wands
 m - a wand of flame (2)
Scrolls
 h - a scroll of fog {unknown}
 k - a scroll of vulnerability
 o - a scroll of identify
 p - a scroll of holy word {unknown}
 s - a scroll of magic mapping
 v - a scroll of teleportation {unknown}
 w - a scroll of torment {unknown}
Potions
 B - 2 potions of magic


   Skills:
 - Level 7.0 Fighting
 - Level 6.8 Crossbows
 + Level 3.0 Armour
 - Level 2.1 Dodging
 - Level 0.8 Stealth


You had 5 spell levels left.
You knew the following spells:

 Your Spells              Type           Power      Damage    Failure   Level
a - Apportation           Tloc           0%         N/A       94%         1

Your spell library contained the following spells:

 Spells                   Type           Power      Damage    Failure   Level
 Sandblast                Erth           0%         2d4       94%         1
 Passwall                 Tmut/Erth      0%         N/A       98%         2
 Gell's Gravitas          Tloc           0%         N/A       100%        3
 Summon Guardian Golem    Hex/Summ       0%         N/A       100%        3
 Teleport Other           Tloc           0%         N/A       100%        3
 Alistair's Intoxication  Tmut/Pois      0%         N/A       100%        5
 Lee's Rapid Deconstruct  Erth           0%         3d5*      100%        5
 Dispersal                Tloc           0%         N/A       100%        6
 Invisibility             Hex            0%         N/A       100%        6
 Orb of Destruction       Conj           0%         N/A       100%        7
 Spellforged Servitor     Conj/Summ      0%         N/A       100%        7


Dungeon Overview and Level Annotations

Branches:
Dungeon (4/15)             Temple (1/1) D:4

Altars:
Elyvilon
Nemelex Xobeh
Trog
Xom
The Shining One

Annotations:
D:3 3 runed translucent doors, Descartes's ghost, amateur SpAM


Innate Abilities, Weirdness & Mutations

You are a tree.
Your roots penetrate the ground, keeping you stationary.
You cannot be teleported.
You are immune to unholy pain and torment.
Your maximum health is greatly increased.
Your equipment is partially melded.
((You are amphibious.))
((You cover ground slowly.))
((You can hop short distances.))
You have an extended range of vision and can be seen from far away.


Message History

The kobold hits you with a +0 dagger.
Fire: 22 bolts
Press: ? - help, Q - select action, (/) - cycle Shift-Dir - straight line, f - orc, p - kobold
Aim: an orc, wielding a +0 flail (68% to hit)
You shoot a bolt. The bolt hits the kobold!
You kill the kobold!
You feel very sick.
Your Armour skill increases to level 3!
It was a potion of attraction.
You feel attractive to monsters.
You feel sick. The orc closely misses you. The orc hits you with a +0 war axe!
* * * LOW HITPOINT WARNING * * *
Okay, then.
It was a potion of degeneration.
There was something very wrong with that liquid.
You feel weakened.
You feel dopey.
You feel clumsy.
You feel sick. The orc hits you with a +0 flail!
* * * LOW HITPOINT WARNING * * *
The orc closely misses you.
Really quaff the potion of lignification?
You turn into a tree.
Your +0 ring mail melds into your body.
Your roots penetrate the ground.
* * * LOW HITPOINT WARNING * * *
You feel sick. You block the orc's attack. The orc hits you but does no damage.
Really attack while wielding your +1 hand crossbow? [Y]es or [N]o only, please.
Really attack while wielding your +1 hand crossbow? [Y]es or [N]o only, please.
Really attack while wielding your +1 hand crossbow? [Y]es or [N]o only, please.
Really attack while wielding your +1 hand crossbow?
Okay, then.
Unknown command.
Your +1 whip of freezing glows with a cold blue light!
b - a +1 whip of freezing (weapon)
* * * LOW HITPOINT WARNING * * *
You feel sick. The orc hits you but does no damage.
You barely miss the orc.
You die...
Your body disappears without a glow.

#..#
#..#,,#'##,,+,,*,,*,,#..#
...#
#..#,,#..#,,**##,,+,,#..#
#..#
#.##+*#..#+##..##+***#..#
.#.#
*#.#,,,#'##........*,,#..#
...#
*..#,,,#.)...#**+*,+,,#..#
..##
*..#**+#.)####,,,*,***##.#
.##
*,,,+,,+..#,,+,,,*,,*,,*,*
##
*,,,*,,#..#,,*,,,*,,*,,*,*
*,,,#####♣#,,*+***,***+*,*
*,,,#...oo#***,,*,,+,,,*,*
*,,,#...#.(..#,,*,,*,,,*,*
*,,######)#[.#***,**+***,*
*****
*,,#..o'..####,,,,*,,*,,,*
,,,,*
*,,#.(.#..........*,,*,,,*
***,*
*,,#..,##+#..##+##**+***,,
,,*,*
*,,#.,,*,,*..#,,+,,*,,,*,,
*,*,*
*,,#,,,*,,**##,,*,,*,,,*,,


You could see 2 orcs.

Vanquished Creatures
  Pikel (D:4)
  A necrophage (D:4)
  2 lemures (D:4)
  Blork the orc (D:4)
  A jelly (D:3)
  A gnoll (D:1)
  2 adders (D:3)
  2 dart slugs
  2 orcs (D:4)
  5 endoplasms
  A giant cockroach (D:2)
  7 goblins
  8 hobgoblins
  An iguana (D:3)
  9 jackals
  5 kobolds
  A quokka (D:3)
  3 ball pythons
  2 bats
  4 frilled lizards
  8 rats
67 creatures vanquished.

Notes
Turn   | Place    | Note
-------+----------+-------------------------------------------
     0 | D:1      | Cruella the Barachi Hunter began the quest for the Orb.
     0 | D:1      | Reached XP level 1. HP: 17/17 MP: 1/1
   140 | D:1      | Reached XP level 2. HP: 23/23 MP: 2/2
   142 | D:1      | Reached skill level 3 in Fighting
   316 | D:1      | Reached XP level 3. HP: 29/29 MP: 3/3
   464 | D:1      | Learned a level 1 spell: Apportation
  1242 | D:3      | Reached skill level 4 in Fighting
  1242 | D:3      | Reached XP level 4. HP: 27/37 MP: 4/4
  1276 | D:3      | Found a white marble altar of Elyvilon.
  1388 | D:3      | Found a runed translucent gate.
  1390 | D:3      | Found a runed translucent gate.
  1393 | D:3      | Noticed Descartes's ghost (amateur SpAM)
  1394 | D:3      | Found a runed translucent gate.
  1396 | D:4      | Noticed a necrophage
  1400 | D:4      | Killed a necrophage
  1401 | D:4      | Reached skill level 5 in Crossbows
  1401 | D:4      | Reached XP level 5. HP: 31/43 MP: 5/5
  1547 | D:4      | Noticed Pikel
  1547 | D:4      | Noticed a lemure
  1547 | D:4      | Noticed a lemure
  1547 | D:4      | Noticed a lemure
  1547 | D:4      | Noticed a lemure
  1557 | D:4      | Killed a lemure
  1561 | D:4      | Killed a lemure
  1575 | D:4      | HP: 2/64 [Pikel (2)]
  1580 | D:4      | Killed Pikel
  1581 | D:4      | Reached skill level 7 in Fighting
  1581 | D:4      | Reached XP level 6. HP: 2/55 MP: 6/6
  1581 | D:4      | Reached XP level 7. HP: 2/60 MP: 7/7
  1955 | D:3      | Reached skill level 1 in Armour
  1958 | D:3      | Found a shimmering altar of Xom.
  2237 | D:4      | Found a staircase to the Ecumenical Temple.
  2249 | Temple   | Entered the Ecumenical Temple
  2259 | Temple   | Became a worshipper of Nemelex Xobeh the Trickster
  2347 | D:4      | Noticed Blork the orc
  2366 | D:4      | Killed Blork the orc
  2427 | D:4      | HP: 1/60 [orc (8)]
  2430 | D:4      | Succumbed to a kobold's poison

Illustrated notes

Levels and vault maps discovered:
D:1:      co_arrival_random_square_maze, layout_loops_ring, minmay_pentomino_q4
D:2:      layout_basic
D:3:      layout_loops_ring, dk_xom_monty_hall, elyvilon_altar_3, serial_shops,
          shop, gammafunk_ghost_necromancy, uniq_ijyb
D:4:      corexii_shantytown, layout_loops_corners, grunt_temple_overflow_open,
          minmay_temple_entry_mini_moons, minmay_quantized, uniq_robin,
          uniq_blork_the_orc, uniq_pikel, uniq_menkaure, uniq_natasha
Temple:   jpeg_temple_clearing

Skill      XL: |  1  2  3  4  5  6  7 |
---------------+----------------------+-----
Fighting       | 3 4 7 |  7.0
Crossbows      | 5 6 |  6.8
Armour         | 3 |  3.0
Dodging        | |  2.1
Stealth        | |  0.8

Action                   |  1- 3 |  4- 6 |  7- 9 || total
-------------------------+-------+-------+-------++-------
Melee: Short sword       |    15 |       |       ||    15
       Whip              |       |       |    27 ||    27
 Fire: Hand crossbow     |    62 |    36 |    23 ||   121
Throw: Stone             |     3 |       |       ||     3
 Abil: Hop               |       |     1 |       ||     1
Evoke: Wand              |       |       |     9 ||     9
  Use: Potion            |       |     1 |     3 ||     4
       Scroll            |       |       |     4 ||     4
 Stab: Sleeping          |       |       |     1 ||     1
Armor: Leather armour    |    16 |     1 |     9 ||    26
       Skin              |       |    26 |     2 ||    28
       Ring mail         |       |       |     4 ||     4
Dodge: Dodged            |    37 |     5 |    27 ||    69
Block: Kite shield       |       |     7 |    20 ||    27
